 Dungeon Crawl Stone Soup version 0.26-a0-1025-g006ef2cfcc (webtiles) character file.

Game seed: 13678498949375891703

12 Gargoyl the Skirmisher (level 2, -10/29 HPs)
             Began as a Gnoll Abyssal Knight on Dec 9, 2020.
             Was a Follower of Lugonu.
             Mangled by a small abomination (17 damage)
             ... on level 1 of the Abyss.
             The game lasted 00:00:25 (141 turns).

Gargoyl the Skirmisher (Gnoll Abyssal Knight)        Turns: 141, Time: 00:00:25

Health: -10/29     AC:  3    Str: 14    XL:     2   Next: 33%
Magic:  5/5        EV: 12    Int: 14    God:    Lugonu [*.....]
Gold:   0          SH:  0    Dex: 14    Spells: 1/1 levels left

rFire    . . .     SeeInvis .   a - +1 hand axe
rCold    . . .     Faith    .   (no shield)
rNeg     . . .     Spirit   .   b - +0 leather armour
rPois    .         Reflect  .   (no helmet)
rElec    .         Harm     .   (no cloak)
rCorr    .         Rampage  .   (no gloves)
Will     .....                  (no boots)
Stlth    +.........             (no amulet)
HPRegen  0.09/turn              (no ring)
MPRegen  0.09/turn              (no ring)

@: about to teleport
A: distributed training, fangs 1, strong nose
a: Depart the Abyss, Renounce Religion


You were on level 1 of the Abyss.
You worshipped Lugonu.
Lugonu was aware of your devotion.
You visited 0 branches of the dungeon, and saw 0 of its levels.
You visited the Abyss 1 time.

Inventory:

Hand Weapons
 a - a +1 hand axe (weapon)
Armour
 b - a +0 leather armour (worn)
Scrolls
 d - a scroll of fear {unknown}


   Skills:
 + Level 6.4 Fighting
 + Level 0.3 Short Blades
 + Level 0.3 Long Blades
 + Level 4.4 Axes
 + Level 0.3 Maces & Flails
 + Level 0.3 Polearms
 + Level 0.3 Staves
 + Level 0.3 Slings
 + Level 0.3 Bows
 + Level 0.3 Crossbows
 + Level 0.3 Throwing
 + Level 4.4 Armour
 + Level 2.4 Dodging
 + Level 0.3 Stealth
 + Level 0.3 Shields
 + Level 0.3 Unarmed Combat
 + Level 0.3 Spellcasting
 + Level 0.2 Conjurations
 + Level 0.2 Hexes
 + Level 0.2 Summonings
 + Level 0.2 Necromancy
 + Level 0.2 Translocations
 + Level 0.2 Transmutations
 + Level 0.2 Fire Magic
 + Level 0.2 Ice Magic
 + Level 0.2 Air Magic
 + Level 0.2 Earth Magic
 + Level 0.2 Poison Magic
 + Level 4.5 Invocations
 + Level 0.3 Evocations


You had one spell level left.
You didn't know any spells.
Your spell library was empty.

Dungeon Overview and Level Annotations

Branches:
Dungeon (0/15)

Altars:


Innate Abilities, Weirdness & Mutations

Your experience applies equally to all skills.
You have very sharp teeth.
Your uncanny sense of smell can sniff out nearby items.


Message History

The white imp hits you. The white imp freezes you.
* * * LOW HITPOINT WARNING * * *
The white imp barely misses you.
You slash the white imp!
The white imp is severely wounded.
The white imp hits you but does no damage.
You hit the white imp.
You kill the white imp!
You have reached level 2!
A small abomination comes into view.
Unknown command.
You see here a scroll labelled EVIMAHO INIO.
d - a scroll labelled EVIMAHO INIO The small abomination closely misses you.
As you read the scroll labelled FOAHOKHLUIBBE, it crumbles to dust.
You feel strangely unstable.
You feel the power of the Abyss delaying your translocation!
It was a scroll of teleportation.
The small abomination hits you!
Ouch! That really hurt!
You die...

#.# .. #.## #. ... #.
..... #.#. # ### #.. ..
#..#####..##.# ...
#.....#.....@#.. ..∆ .
....#...#.x..##
..##.#.#.....##..#
.........##...## ##
#.##....#....# ##.
.....#..#....# #...
#.#...#....§. # # #
#.......#.#...§##... .
#
#...#.....#.#.##..#....
. .


You could see a small abomination.

Vanquished Creatures
  A white imp (Abyss:1)
  An ufetubus (Abyss:1)
2 creatures vanquished.

Notes
Turn   | Place    | Note
-------+----------+-------------------------------------------
     0 | Abyss:1  | Gargoyl the Gnoll Abyssal Knight began the quest for the
                  | Orb.
     0 | Abyss:1  | Reached XP level 1. HP: 23/23 MP: 3/3
    75 | Abyss:1  | Noticed a shadow dragon zombie
   116 | Abyss:1  | Noticed a large abomination
   132 | Abyss:1  | Reached XP level 2. HP: 6/29 MP: 5/5
   132 | Abyss:1  | Noticed a small abomination
   141 | Abyss:1  | Mangled by a small abomination

Illustrated notes

Levels and vault maps discovered:
Abyss:1:  base: Temple, base: Temple, base:
Temple

Action                   || total
-------------------------++-------
Melee: Hand axe          ||     6
  Use: Potion            ||     1
       Scroll            ||     1
Armor: Leather armour    ||     2
Dodge: Dodged            ||     5

Table legend: (Time is in decaauts)
 A = Elapsed time spent in this place.
 B = Non-inter-level travel time spent in this place.
 C = Inter-level travel time spent in this place.
 D = Time resting spent in this place.
 E = Time spent auto-exploring this place.
 F = Levels seen in this place.
 G = Mean time per level.
                   A        B        C        D        E       F      G
               +--------+--------+--------+--------+--------+-----+--------+
         Total |    141 |    141 |      0 |      0 |     72 |   1 |  141.0 |
         Abyss |    141 |    141 |      0 |      0 |     72 |   1 |  141.0 |
               +--------+--------+--------+--------+--------+-----+--------+

Top non-repeatable levels by time:
 Abyss:1: 141 daAuts
